 Dungeon Crawl Stone Soup version 0.28.0-53-g5a82cb258f (webtiles) character file.

Game seed: 6865363123220130220

20 cbfl8 the Chopper (level 2, -1/27 HPs)
             Began as a Hill Orc Monk on July 17, 2022.
             Slain by an orc
             ... wielding a +0 club
              (2 damage)
             ... on level 2 of the Dungeon.
             The game lasted 00:00:41 (1026 turns).

cbfl8 the Chopper (Hill Orc Monk)                   Turns: 1026, Time: 00:00:41

Health: -1/27      AC:  2    Str: 13    XL:     2   Next: 79%
Magic:  2/2        EV: 12    Int: 10    God:
Gold:   35         SH:  0    Dex: 13    Spells: 1/1 levels left

rFire   . . .      SeeInvis .   a - +0 hand axe
rCold   . . .      Faith    .   (no shield)
rNeg    . . .      Spirit   .   b - +0 robe
rPois   .          Reflect  .   (no helmet)
rElec   .          Harm     .   (no cloak)
rCorr   .          Rampage  .   (no gloves)
Will    .....                   (no boots)
Stlth   ++........              (no amulet)
HPRegen 0.09/turn               (no ring)
MPRegen 0.08/turn               (no ring)

@: no status effects
A: no striking features
a: no special abilities


You were on level 2 of the Dungeon.
You visited 1 branch of the dungeon, and saw 2 of its levels.

You collected 35 gold pieces.

Inventory:

Hand Weapons
 a - a +0 hand axe (weapon)
Armour
 b - a +0 robe (worn)
Scrolls
 d - a scroll of enchant armour {unknown}
 e - a scroll of identify {unknown}
Potions
 c - a potion of mutation {unknown}


   Skills:
 + Level 4.1 Fighting
 + Level 4.4 Axes
 + Level 2.6 Dodging
 + Level 1.6 Stealth


You had one spell level left.
You didn't know any spells.
Your spell library was empty.

Dungeon Overview and Level Annotations

Branches:
Dungeon (1/15)

Altars:


Message History

No target in view!
Found a stone staircase leading down.
Key pressed, stopping explore.
No target in view!
You open the door.
There is an open door here.
There is an open door here.
Key pressed, stopping explore.
No target in view! 2 orcs come into view.
The orc shouts! x2; You hear a shout!
An orc comes into view. It is wielding a +2 mace of distortion.
You hit the orc.
The orc is moderately wounded.
The orc hits you with a +0 war axe.
You hit the orc.
The orc is heavily wounded.
The orc hits you with a +0 war axe!
You slash the orc!
You kill the orc!
The orc throws a boomerang.
The boomerang closely misses you.
You hit the orc.
The orc is heavily wounded.
The orc hits you with a +2 mace of distortion.
Space warps around you.
* * * LOW HITPOINT WARNING * * *
You barely miss the orc. You punch the orc.
You kill the orc!
You hit the orc.
The orc is almost dead.
The orc hits you with a +0 club.
* * * LOW HITPOINT WARNING * * *
You barely miss the orc.
The orc is almost dead.
The orc hits you with a +0 club.
* * * LOW HITPOINT WARNING * * *
You hit the orc but do no damage.
The orc is almost dead.
The orc hits you with a +0 club.
You die...

#.#######..#...#.#......
#......#...#...#.#.#.#.#
######.##..#...#.#.#....
#.##..#...#.#.#....
#.........#.#.#.#..
#########.#.#......
#.#.###.#.#
#############.#.#<.....
#....o@.......#.#......
#.#######.......#).....
#.# #.......##..... #.#
#.......##...). #.#
#.......##..... #o##
#.......##..... #o.#
#######'#...... #..#
#....## #......o.##....#


You could see an orc.

Vanquished Creatures
  2 orcs (D:2)
  3 endoplasms (D:2)
  A giant cockroach (D:1)
  A goblin (D:2)
  A hobgoblin (D:1)
  2 quokkas
  4 bats
  A frilled lizard (D:2)
  A rat (D:2)
16 creatures vanquished.

Vanquished Creatures (others)
  4 fungi (D:2)
4 creatures vanquished.

Grand Total: 20 creatures vanquished

Notes
Turn   | Place    | Note
-------+----------+-------------------------------------------
     0 | D:1      | cbfl8 the Hill Orc Monk began the quest for the Orb.
     0 | D:1      | Reached XP level 1. HP: 19/19 MP: 1/1
   280 | D:1      | You fall into a shaft and drop 1 floor!
   286 | D:2      | Reached XP level 2. HP: 12/27 MP: 2/2
  1025 | D:2      | HP: 1/27 [orc/+0 club (4)]
  1026 | D:2      | Slain by an orc

Illustrated notes

Levels and vault maps discovered:
D:1:      doesnt_arrival_eight_statues, layout_loops_cross
D:2:      layout_basic, serial_corexii_hall, corexii_hall_statues_i,
          chequers_hall_statues_corner_a, minmay_pentomino_z2,
          uniq_crazy_yiuf_cottage

Skill      XL: |  1  2 |
---------------+-------+-----
Fighting       | 4 |  4.1
Axes           | |  4.4
Dodging        | |  2.6
Stealth        | |  1.6

Action                   || total
-------------------------++-------
Melee: Hand axe          ||    41
       Punch             ||     1
 Stab: Sleeping          ||     3
Armor: Robe              ||    10
Dodge: Dodged            ||    28
